 Dungeon Crawl Stone Soup version 0.28-a0-178-ga708605c5b (webtiles) character file.

Game seed: 1826207500640238431

204 frimble the Slasher (level 5, 0/46 HPs)
             Began as a Minotaur Warper on Aug 17, 2021.
             Slain by an orc priest (7 damage)
             ... on level 3 of the Dungeon.
             The game lasted 00:01:49 (2873 turns).

frimble the Slasher (Minotaur Warper)               Turns: 2873, Time: 00:01:50

Health: 0/46       AC:  3    Str: 15    XL:     5   Next: 52%
Magic:  6/6        EV: 12    Int: 10    God:
Gold:   76         SH:  0    Dex: 11    Spells: 5/7 levels left

rFire   . . .      SeeInvis .   a - +0 falchion
rCold   + . .      Faith    .   (no shield)
rNeg    . . .      Spirit   .   b - +0 leather armour
rPois   .          Reflect  .   (helmet restricted)
rElec   .          Harm     .   (no cloak)
rCorr   .          Rampage  .   (no gloves)
Will    .....                   (no boots)
Stlth   +.........              (no amulet)
HPRegen 0.15/turn               j - ring of protection from cold
MPRegen 0.10/turn               (no ring)

@: no status effects
A: horns 2, retaliatory headbutt
a: no special abilities


You were on level 3 of the Dungeon.
You visited 1 branch of the dungeon, and saw 3 of its levels.

You collected 76 gold pieces.

Inventory:

Hand Weapons
 a - a +0 falchion (weapon)
Missiles
 d - 4 boomerangs of dispersal (quivered)
 g - 2 boomerangs
Armour
 b - a +0 leather armour (worn)
Jewellery
 f - a +4 ring of protection
 j - a ring of protection from cold (left hand)
Scrolls
 c - 2 scrolls of blinking
 e - a scroll of acquirement {unknown}
 h - a scroll of summoning {unknown}
 i - a scroll of identify


   Skills:
 + Level 4.0 Fighting
 + Level 4.0 Long Blades
 + Level 2.6 Throwing
 - Level 2.0 Armour
 - Level 3.0 Dodging
 - Level 1.5 Spellcasting
 - Level 2.3 Translocations


You had 5 spell levels left.
You knew the following spells:

 Your Spells              Type           Power      Damage    Failure   Level
a - Blink                 Tloc           N/A        N/A       22%         2

Your spell library contained the following spells:

 Spells                   Type           Power      Damage    Failure   Level
 Summon Small Mammal      Summ           0%         N/A       38%         1
 Gell's Gravitas          Tloc           2%         N/A       41%         3
 Lesser Beckoning         Tloc           2%         N/A       41%         3
 Teleport Other           Tloc           5%         N/A       41%         3
 Corpse Rot               Necr/Air       N/A        N/A       52%         2
 Call Canine Familiar     Summ           0%         N/A       77%         3
 Summon Guardian Golem    Hex/Summ       0%         N/A       77%         3
 Dispel Undead            Necr           0%         3d6       99%         4
 Manifold Assault         Tloc           5%         N/A       99%         5
 Death Channel            Necr           0%         N/A       100%        6


Dungeon Overview and Level Annotations

Branches:
Dungeon (3/15)

Altars:

Annotations:
D:2 1 runed translucent door, Crazy Yiuf


Innate Abilities, Weirdness & Mutations

You have a pair of horns on your head.
You reflexively headbutt those who attack you in melee.


Message History

Things that are here:
a +0 shortbow; 29 arrows; a centaur corpse
j - a ring of protection from cold
j - a ring of protection from cold (left hand)
Found a dagger.
An orc priest comes into view. It is wielding a +0 hand axe.
The orc priest shouts!
An orc priest is nearby!
An orc priest is nearby!
A goblin comes into view. It is wielding a +0 club.
The orc priest calls down the wrath of Beogh upon you.
Beogh smites you!
The goblin shouts!
You are too injured to fight recklessly!
You are too injured to fight recklessly!
You are too injured to fight recklessly!
You are too injured to fight recklessly!
You are too injured to fight recklessly!
You are too injured to fight recklessly!
You are too injured to fight recklessly!
You are too injured to fight recklessly!
You hear a shout!
The orc priest hits you with a +0 hand axe!
You hit the orc priest.
The orc priest is lightly wounded.
The goblin unwields a +0 club.
The goblin wields a +0 hunting sling.
The goblin shoots a stone.
The stone hits you.
The orc priest hits you with a +0 hand axe.
You closely miss the orc priest.
The orc priest is lightly wounded.
The goblin shoots a stone.
The stone hits you.
* * * LOW HITPOINT WARNING * * *
The orc priest hits you with a +0 hand axe.
* * * LOW HITPOINT WARNING * * *
You hit the orc priest. Your headbutt misses the orc priest.
The orc priest is heavily wounded.
The goblin shoots a stone.
The stone hits you.
* * * LOW HITPOINT WARNING * * *
The orc priest hits you with a +0 hand axe!
You die...

## #. #.# #.
#.###########
#.#####............
####..).........######
..................#..
.#####o...........##.#.#
..g....@...........#.#)#
.#####.#........#.......
#.#.#####.#####.#.#
#.#.#.###..รท....#..
..#.#..............
###.#...........(..
#.#..............
#.#..............
#.#.#...#.#######


You could see an orc priest and a goblin.

Vanquished Creatures
  A centaur (D:3)
  A hound (D:2)
  5 adders
  A gnoll (D:2)
  A worm (D:2)
  3 ball pythons (D:1)
  5 bats
  An endoplasm (D:1)
  2 giant cockroaches (D:1)
  3 goblins (D:1)
  4 hobgoblins
  5 jackals (D:2)
  2 quokkas (D:1)
  2 frilled lizards (D:1)
  2 kobolds
  4 rats
42 creatures vanquished.

Notes
Turn   | Place    | Note
-------+----------+-------------------------------------------
     0 | D:1      | frimble the Minotaur Warper began the quest for the Orb.
     0 | D:1      | Reached XP level 1. HP: 18/18 MP: 1/1
   156 | D:1      | Reached XP level 2. HP: 25/25 MP: 3/3
   168 | D:1      | Learned a level 2 spell: Blink
  1208 | D:2      | Reached XP level 3. HP: 6/30 MP: 4/4
  1835 | D:2      | Reached XP level 4. HP: 35/38 MP: 5/5
  2440 | D:2      | Found a runed translucent door.
  2441 | D:2      | Noticed Crazy Yiuf
  2670 | D:3      | Noticed a centaur
  2689 | D:3      | Killed a centaur
  2690 | D:3      | Reached XP level 5. HP: 23/46 MP: 6/6
  2873 | D:3      | Slain by an orc priest

Illustrated notes

Levels and vault maps discovered:
D:1:      dpeg_arrival_lava_temple_mockup, layout_basic, feat_on_display
D:2:      layout_loops_cross, grunt_decor_junction, hex_medium,
          chequers_serial_rivers_large_a, minmay_distorted,
          uniq_crazy_yiuf_cottage
D:3:      layout_basic, chequers_ecumenical_altar_grove, serial_shops, shop,
          shop, nicolae_shop_crystal, goddamned_bats

Skill      XL: |  1  2  3  4 |
---------------+-------------+-----
Long Blades    | 3 4 |  4.0
Armour         | 2 |  2.0
Fighting       | 3 4 |  4.0
Throwing       | 2 |  2.6
Dodging        | 3 |  3.0
Spellcasting   | |  1.5
Translocations | |  2.3

Action                   |  1- 3 |  4- 6 || total
-------------------------+-------+-------++-------
Melee: Falchion          |    83 |    36 ||   119
       Headbutt          |    10 |     8 ||    18
Throw: Boomerang         |     1 |       ||     1
  Use: Scroll            |     2 |       ||     2
Armor: Leather armour    |    22 |    16 ||    38
Dodge: Dodged            |    73 |    40 ||   113
       Rpst.: Falchion   |    25 |     7 ||    32

Table legend: (Time is in decaauts)
 A = Elapsed time spent in this place.
 B = Non-inter-level travel time spent in this place.
 C = Inter-level travel time spent in this place.
 D = Time resting spent in this place.
 E = Time spent auto-exploring this place.
 F = Levels seen in this place.
 G = Mean time per level.
                   A        B        C        D        E       F      G
               +--------+--------+--------+--------+--------+-----+--------+
         Total |   2903 |   2779 |    124 |      0 |   2517 |   3 |  967.7 |
       Dungeon |   2903 |   2779 |    124 |      0 |   2517 |   3 |  967.7 |
               +--------+--------+--------+--------+--------+-----+--------+

Top non-repeatable levels by time:
     D:2: 1437 daAuts
     D:1: 1180 daAuts
     D:3: 285 daAuts
